 Dungeon Crawl Stone Soup version 0.28-a0-1505-g8c907de6ad (webtiles) character file.

Game seed: 3392609878093142986

4 kae the Insei (level 1, 0/15 HPs)
             Began as a Demonspawn Transmuter on Jan 13, 2022.
             Slain by a quokka (2 damage)
             ... on level 1 of the Dungeon.
             The game lasted 00:00:12 (179 turns).

kae the Insei (Demonspawn Transmuter)                Turns: 179, Time: 00:00:12

Health: 0/15       AC:  2    Str: 10    XL:     1   Next: 58%
Magic:  2/3        EV: 12    Int: 14    God:
Gold:   0          SH:  0    Dex: 13    Spells: 3/4 levels left

rFire   . . .      SeeInvis .     - Unarmed
rCold   . . .      Faith    .   (no shield)
rNeg    . . .      Spirit   .   a - +0 robe
rPois   .          Reflect  .   (helmet currently unavailable)
rElec   .          Harm     .   (no cloak)
rCorr   .          Rampage  .   (no gloves)
Will    .....                   (boots currently unavailable)
Stlth   +.........              (no amulet)
HPRegen 0.05/turn               (no ring)
MPRegen 0.08/turn               (no ring)

@: appendages
A: horns 2, talons 2
a: End Transformation


You were on level 1 of the Dungeon.
You had temporarily grown beastly horns and talons.
You visited 1 branch of the dungeon, and saw 1 of its levels.

Inventory:

Armour
 a - a +0 robe (worn)


   Skills:
 + Level 1.0 Fighting
 + Level 1.8 Dodging
 * Level 2.7 Unarmed Combat
 + Level 2.0 Spellcasting
 * Level 1.9 Transmutations


You had 3 spell levels left.
You knew the following spells:

 Your Spells              Type           Power      Damage    Failure   Level
a - Beastly Appendage     Tmut           12%        N/A       11%         1

Your spell library contained the following spells:

 Spells                   Type           Power      Damage    Failure   Level
 Wereblood                Tmut           6%         N/A       16%         2
 Spider Form              Tmut/Pois      4%         N/A       43%         3
 Ice Form                 Ice/Tmut       4%         N/A       85%         4


Dungeon Overview and Level Annotations

Branches:
Dungeon (1/15)

Altars:


Innate Abilities, Weirdness & Mutations

You have temporarily grown beastly horns and talons.


Message History

You hit the quokka.
The quokka is almost dead.
The bat hits you but does no damage. The quokka bites you.
The ball python completely misses you. The ball python barely misses you.
The quokka twitches its whiskers.
The quokka bites you.
You are too injured to fight recklessly!
You are too injured to fight recklessly!
You are too injured to fight recklessly!
You are too injured to fight recklessly!
You are too injured to fight recklessly!
You hit the quokka but do no damage. Your kick misses the quokka.
The quokka is almost dead.
The bat hits you but does no damage. The bat closely misses you.
The ball python bites you but does no damage.
The ball python closely misses you. The quokka barely misses you.
The bat hits you but does no damage.
Found a ring mail.
The bat hits you but does no damage. The quokka bites you.
* * * LOW HITPOINT WARNING * * *
The ball python barely misses you. x2; The bat misses you.
The bat hits you but does no damage.
You aren't carrying any potions.
You barely miss the bat. Your kick misses the bat.
Your horns disappear.
Your talons disappear.
The bat hits you but does no damage.
You hit the ball python.
You kill the ball python!
The bat hits you.
* * * LOW HITPOINT WARNING * * *
The quokka closely misses you.
Casting: Beastly Appendage (safe; 11% risk of failure)
Confirm with . or Enter, or press ? or * to list all spells.
You grow a pair of large bovine horns.
Your feet morph into talons.
The bat hits you but does no damage. The bat misses you. The quokka bites you.
* * * LOW HITPOINT WARNING * * *
The bat hits you but does no damage. The quokka closely misses you.
You miss the quokka. Your kick misses the quokka.
The quokka is severely wounded.
The quokka bites you.
You die...

#### ..[.... #.......#
#.......#
#.......#########
#.......r>.......
#.......#@#.#
#.......#.#.###+###
#...........#....(########
###........#.............
#........+.............
#........#.....###.....
#........#.....###.....
...........'.......+.....
..........##.....###.....


You could see a quokka.

Vanquished Creatures
  A ball python (D:1)
  An endoplasm (D:1)
  A bat (D:1)
  2 rats (D:1)
5 creatures vanquished.

Notes
Turn   | Place    | Note
-------+----------+-------------------------------------------
     0 | D:1      | kae the Demonspawn Transmuter began the quest for the Orb.
     0 | D:1      | Reached XP level 1. HP: 15/15 MP: 3/3
   179 | D:1      | Slain by a quokka

Illustrated notes

Levels and vault maps discovered:
D:1:      co_arrival_square_in_a_square_in_a_square, layout_basic

Action                   || total
-------------------------++-------
Melee: Unarmed           ||    18
       Headbutt          ||     1
 Cast: Beastly Appendage ||     4
Armor: Robe              ||    13
Dodge: Dodged            ||    35

Table legend: (Time is in decaauts)
 A = Elapsed time spent in this place.
 B = Non-inter-level travel time spent in this place.
 C = Inter-level travel time spent in this place.
 D = Time resting spent in this place.
 E = Time spent auto-exploring this place.
 F = Levels seen in this place.
 G = Mean time per level.
                   A        B        C        D        E       F      G
               +--------+--------+--------+--------+--------+-----+--------+
         Total |    178 |    178 |      0 |      3 |    133 |   1 |  178.0 |
       Dungeon |    178 |    178 |      0 |      3 |    133 |   1 |  178.0 |
               +--------+--------+--------+--------+--------+-----+--------+

Top non-repeatable levels by time:
     D:1: 178 daAuts
